 Dungeon Sprint DCSS version 0.22-a0-429-g97ce8ef721 (webtiles) character file.

10285 FleetwoodCentaur the Cutthroat (level 11, -9/78 HPs)
             Began as a Kobold Berserker on May 25, 2018.
             Was the Champion of Trog.
             Killed by divine providence
             ... invoked by an orc high priest
              (15 damage)
             ... in the Dungeon (Sprint IX: "|||||||||||||||||||||||||||||").
             The game lasted 00:04:03 (1828 turns).

FleetwoodCentaur the Cutthroat (Kobold Berserker)   Turns: 1828, Time: 00:04:04

Health: -9/78      AC: 18    Str: 22    XL:     11   Next: 90%
Magic:  11/11      EV: 20    Int: 11    God:    Trog [******]
Gold:   1717       SH:  0    Dex: 23    Spells: 10/10 levels left

rFire    . . .     SeeInvis .   z - +10 dagger of Collusion {flame, Str+7}
rCold    . . .     Gourm    .   (shield restricted)
rNeg     . . .     Faith    .   p - +1 chain mail
rPois    .         Spirit   .   o - +0 helmet
rElec    .         Reflect  .   B - +0 cloak
rCorr    .         Harm     +   n - +0 pair of gloves
MR       ++...     Rnd*Rage +   (no boots) Stlth +++.......NoTele +
                                s - amulet of harm
HPRegen  1.23/turn              r - +3 ring of dexterity
MPRegen  0.12/turn              q - +3 ring of dexterity

@: berserk cooldown, regenerating
A: small, icy blue scales 1, berserk 1, carnivore, clever 1, sense surroundings
1
a: Berserk, Trog's Hand, Brothers in Arms, Renounce Religion


You were in the Dungeon.
You worshipped Trog.
Trog was exalted by your worship.
You were very full.

You visited 1 branch You collected 1717 gold pieces.

Inventory:

Hand Weapons
 b - a +6 quick blade
 m - a +2 rapier of draining
 w - a +4 hunting sling of freezing
 x - a +4 vampiric short sword
 z - the +10 dagger of Collusion (weapon) {flame, Str+7}
   (Trog gifted it to you in the Dungeon)

   It has been specially enchanted to burn those struck by it, causing extra
   injury to most foes and up to half again as much damage against particularly
   susceptible opponents.
   It affects your strength (+7).
Missiles
 y - 3 curare-tipped needles
Armour
 n - a +0 pair of gloves (worn)
 o - a +0 helmet (worn)
 p - a +1 chain mail (worn)
 A - a +0 pair of gloves
 B - a +0 cloak (worn)
 C - a +0 pair of gloves
Jewellery
 q - a +3 ring of dexterity (right hand)
 r - a +3 ring of dexterity (left hand)
 s - an amulet of harm (around neck)
Wands
 l - a wand of acid (10)
Scrolls
 i - 3 scrolls of blinking
 k - 3 scrolls of remove curse
 t - 2 scrolls of enchant weapon
 u - 2 scrolls of identify
 v - a scroll of fog
Potions
 a - 3 potions of brilliance
 d - 6 potions of curing
 e - 5 potions of heal wounds
 f - a potion of haste
 g - 4 potions of magic
 h - 2 potions of berserk rage
 j - a potion of invisibility
Comestibles
 c - 11 rations
 D - 3 chunks of flesh


   Skills:
 + Level 13.2 Fighting
 + Level 21.8 Short Blades
 * Level 9.2 Armour
 + Level 11.4 Dodging
 * Level 15.2 Stealth


You had 10 spell levels left.
You didn't know any spells.
Your spell library was empty.

Dungeon Overview and Level Annotations

Branches:
Dungeon (1/1)

Altars:
Cheibriados
Dithmenos
Elyvilon
Fedhas
Gozag
Hepliaklqana
Kikubaaqudgha
Makhleb
Nemelex Xobeh
Okawaru
Qazlal
Ru
Sif Muna
Trog
Uskayaw
Vehumet
Wu Jian
Xom
Yredelemnul
Zin
The Shining One
Beogh
Jiyva
Lugonu

Shops:
D (?}*


Innate Abilities, Weirdness & Mutations

You are small and have problems with some larger weapons.
You are carnivorous and can eat meat at any time.
You are partially covered in icy blue scales. (AC +2)
You tend to lose your temper in combat.
Your mind is acute. (Int +2)
You passively map a small area around you.


Message History

The orc high priest prays.
The orange demon misses you. x2
You completely miss the orc high priest.
The orc high priest is severely wounded.
Your chain mail prevents you from hitting the orc high priest.
The orc high priest is severely wounded.
The orc high priest invokes the aid of Beogh against you.
You struggle to resist.
The orc high priest shouts, "You must be punished!"
The soul eater draws from the surrounding life force!
The orange demon stings you! The orange demon hits you.
Your skin crawls.
You feel resistant to hostile enchantments.
You feel somewhat less full.
The orc priest calls down the wrath of Beogh upon you.
Beogh smites you!
* * * LOW HITPOINT WARNING * * *
The orc high priest invokes the aid of Beogh against you.
Beogh smites you!
You die...

▓†▓.▓.▓.▓ *
▓÷▓.▓.▓.▓+▓ +
▓.▓.▓.▓.▓$▓ *
▓.▓.▓.▓.▓o▓, ,
, ▓.▓.▓.▓.▓3▓,
* ▓.▓.▓'▓.▓o▓
▓.▓.▓[▓.▓o▓ ,
*
▓)▓.▓.▓.▓o▓,*,
, ▓'▓.▓(▓.▓@▓,
, *
▓[▓.▓(▓.▓4▓ ,
* ▓.▓.▓.▓.▓.▓
* *
▓.▓.▓.▓.▓∩▓,*
▓.▓.▓÷▓.▓.▓ ,
, ,
▓.▓.▓†▓.▓∩▓ ,
▓)▓.▓÷▓.▓)▓
▓|▓.▓†▓.▓.▓ *
▓?▓.▓.▓.▓)▓
,*, ,


You could see a soul eater, 3 orc high priests, an orange demon and an orc
priest.

Vanquished Creatures
  A stone giant (D)
  3 orc high priests (D)
  2 orc sorcerers (D)
  An ugly thing (D)
  4 black mambas (D)
  A spiny frog (D)
  A rime drake (D)
  4 polar bears (D)
  A hippogriff (D)
  2 water moccasins (D)
  2 porcupines (D)
  6 black bears (D)
  6 orc warriors (D)
  An eye of draining (D)
  A phantom (D)
  3 crocodiles (D)
  2 bullfrogs (D)
  A killer bee (D)
  A wight (D)
  A howler monkey (D)
  2 crimson imps (D)
  9 orc priests (D)
  2 jellies (D)
  3 orc wizards (D)
  A shadow imp (D)
  An ooze (D)
  2 leopard geckos (D)
  3 orcs (D)
  2 bat skeletons (D)
  A goblin (D)
  A hobgoblin (D)
  2 bats (D)
  A frilled lizard (D)
  A kobold (D)
75 creatures vanquished.

Vanquished Creatures (collateral kills)
  An orc high priest (D)
  2 orc knights (D)
  2 orc warriors (D)
  2 orc priests (D)
7 creatures vanquished.

Grand Total: 82 creatures vanquished

Notes
Turn   | Place    | Note
-------+----------+-------------------------------------------
     0 | D        | FleetwoodCentaur the Kobold Berserker began the quest for the Orb.
     0 | D        | Reached XP level 1. HP: 14/14 MP: 1/1
     6 | D        | Reached skill level 1 in Stealth
     9 | D        | Reached skill level 5 in Short Blades
    15 | D        | Reached ** piety under Trog
   183 | D        | Noticed a crimson imp
   183 | D        | Noticed a crimson imp
   187 | D        | Killed a crimson imp
   187 | D        | Reached skill level 8 in Short Blades
   187 | D        | Reached XP level 2. HP: 19/19 MP: 2/2
   187 | D        | Reached XP level 3. HP: 23/23 MP: 3/3
   191 | D        | Reached *** piety under Trog
   197 | D        | Reached skill level 9 in Short Blades
   203 | D        | Reached XP level 4. HP: 28/28 MP: 4/4
   264 | D        | Reached skill level 10 in Short Blades
   264 | D        | Reached skill level 5 in Stealth
   277 | D        | Found a roughly hewn altar of Beogh.
   277 | D        | Found a snail-covered altar of Cheibriados.
   277 | D        | Found a shadowy altar of Dithmenos.
   277 | D        | Found a white marble altar of Elyvilon.
   277 | D        | Found a blossoming altar of Fedhas.
   277 | D        | Found an opulent altar of Gozag.
   278 | D        | Found a hazy altar of Hepliaklqana.
   279 | D        | Found a viscous altar of Jiyva.
   280 | D        | Found an ancient bone altar of Kikubaaqudgha.
   281 | D        | Found a corrupted altar of Lugonu.
   282 | D        | Found a burning altar of Makhleb.
   283 | D        | Found a sparkling altar of Nemelex Xobeh.
   284 | D        | Found an iron altar of Okawaru.
   285 | D        | Found a stormy altar of Qazlal.
   286 | D        | Found a sacrificial altar of Ru.
   287 | D        | Found a deep blue altar of Sif Muna.
   288 | D        | Found a bloodstained altar of Trog.
   289 | D        | Found a hide-covered altar of Uskayaw.
   290 | D        | Found a radiant altar of Vehumet.
   291 | D        | Found an ornate altar of the Wu Jian Council.
   292 | D        | Found a shimmering altar of Xom.
   293 | D        | Found a basalt altar of Yredelemnul.
   294 | D        | Found a glowing silver altar of Zin.
   295 | D        | Found a glowing golden altar of the Shining One.
   312 | D        | Found the +6 shillelagh "Devastator" {shatter}
   351 | D        | Reached **** piety under Trog
   351 | D        | Reached skill level 11 in Short Blades
   351 | D        | Reached XP level 5. HP: 33/33 MP: 5/5
   362 | D        | Reached skill level 12 in Short Blades
   362 | D        | Reached XP level 6. HP: 33/40 MP: 6/6
   365 | D        | Reached ***** piety under Trog
   542 | D        | Noticed a phantom
   542 | D        | Noticed an eye of draining
   542 | D        | Noticed a purple ugly thing
   544 | D        | Reached skill level 5 in Fighting
   554 | D        | Killed a purple ugly thing
   554 | D        | Reached skill level 15 in Short Blades
   554 | D        | Reached XP level 7. HP: 48/48 MP: 7/7
   557 | D        | Received a gift from Trog
   567 | D        | Reached XP level 8. HP: 53/53 MP: 0/8
   602 | D        | Reached skill level 16 in Short Blades
   710 | D        | Gained mutation: You tend to lose your temper in combat. [potion of mutation]
   710 | D        | Gained mutation: You are partially covered in icy blue scales. (AC +2) [potion of mutation]
   710 | D        | Gained mutation: Your mind is acute. (Int +2) [potion of mutation]
   710 | D        | Gained mutation: You passively map a small area around you. [potion of mutation]
   736 | D        | Noticed a spiny frog
   736 | D        | Noticed a hippogriff
   747 | D        | Killed a hippogriff
   748 | D        | Noticed a polar bear
   750 | D        | Reached skill level 10 in Stealth
   760 | D        | Killed a spiny frog
   760 | D        | Reached skill level 17 in Short Blades
   760 | D        | Reached XP level 9. HP: 60/60 MP: 9/9
   763 | D        | Received a gift from Trog
   775 | D        | Reached skill level 18 in Short Blades
   783 | D        | Killed a polar bear
   835 | D        | Noticed a black mamba
   835 | D        | Noticed a rime drake
   835 | D        | Noticed a polar bear
   835 | D        | Noticed a black mamba
   843 | D        | Killed a black mamba
   844 | D        | Noticed a black mamba
   847 | D        | Reached skill level 10 in Fighting
   848 | D        | Noticed a black mamba
   852 | D        | Killed a polar bear
   852 | D        | Received a gift from Trog
   852 | D        | Reached skill level 19 in Short Blades
   854 | D        | Reached XP level 10. HP: 68/68 MP: 10/10
   859 | D        | Killed a rime drake
   859 | D        | Reached skill level 5 in Armour
   864 | D        | Killed a black mamba
   871 | D        | Killed a black mamba
   876 | D        | Killed a black mamba
   876 | D        | Reached ****** piety under Trog
  1049 | D        | Received a gift from Trog
  1049 | D        | Reached skill level 10 in Dodging
  1053 | D        | Reached skill level 20 in Short Blades
  1083 | D        | Received a gift from Trog
  1098 | D        | Got a jewelled dagger {god gift}
  1099 | D        | Identified the +10 dagger of Collusion {flame, Str+7} (Trog gifted it to you in the Dungeon)
  1236 | D        | Noticed a stone giant
  1246 | D        | Killed a stone giant
  1246 | D        | Reached XP level 11. HP: 40/76 MP: 11/11
  1248 | D        | Received a gift from Trog
  1279 | D        | Received a gift from Trog
  1492 | D        | Noticed an orc sorcerer
  1493 | D        | Noticed an orc sorcerer
  1505 | D        | Killed an orc sorcerer
  1505 | D        | Reached skill level 21 in Short Blades
  1506 | D        | Noticed an orc knight
  1508 | D        | Noticed an orc knight
  1518 | D        | Killed an orc sorcerer
  1518 | D        | Received a gift from Trog
  1528 | D        | Killed an orc knight
  1531 | D        | Killed an orc knight
  1760 | D        | Found Otoykk's General Store.
  1760 | D        | Noticed an orc high priest
  1760 | D        | Noticed an orc high priest
  1763 | D        | Received a gift from Trog
  1765 | D        | Noticed an orc high priest
  1768 | D        | Found Donk's Gadget Shop.
  1772 | D        | Killed an orc high priest
  1773 | D        | Noticed an orc high priest
  1778 | D        | Killed an orc high priest
  1779 | D        | Found Qibu's Magic Scroll Boutique.
  1780 | D        | Reached skill level 15 in Stealth
  1787 | D        | Killed an orc high priest
  1794 | D        | Killed an orc high priest
  1802 | D        | Received a gift from Trog
  1812 | D        | Found Vovug's Weapon Shop.
  1815 | D        | Noticed an orc high priest
  1816 | D        | Noticed an orc high priest
  1817 | D        | Noticed an orc high priest
  1824 | D        | Noticed a soul eater
  1828 | D        | Killed from afar by an orc high priest

Vault maps used:
D:        linesprint

Skill      XL: |  1  2  3  4  5  6  7  8  9 10 11 |
---------------+----------------------------------+-----
Stealth        | 4 5 6 8 9 10 11 13 15 | 15.2
Short Blades   | 8 9 11 12 15 17 19 20 21 | 21.8
Fighting       | 4 7 8 10 12 13 | 13.2
Dodging        | 3 6 7 9 10 11 | 11.4
Armour         | 2 3 4 7 9 |  9.2

Action                   |  1- 3 |  4- 6 |  7- 9 | 10-12 || total
-------------------------+-------+-------+-------+-------++-------
Melee: Short sword       |    39 |    33 |       |       ||    72
       Rapier            |       |    23 |    33 |       ||    56
       Quick blade       |       |       |    63 |    52 ||   115
       Dagger            |       |       |       |    77 ||    77
Invok: Berserk           |     1 |     2 |     2 |     4 ||     9
       Trog's Hand       |       |     1 |     1 |     2 ||     4
       Brothers in Arms  |       |       |       |     3 ||     3
  Use: Potion            |       |       |     1 |       ||     1
 Stab: Sleeping          |       |       |       |     1 ||     1
  Eat: Chunk             |     2 |     1 |    10 |     7 ||    20
Armor: Animal skin       |     6 |       |       |       ||     6
       Chain mail        |       |     6 |    17 |    20 ||    43
Dodge: Dodged            |    22 |    20 |    26 |    46 ||   114

Table legend:
 A = Spawn XP
 B = Non-spawn XP
 C = Spawn XP percentage of total XP
 D = Spawn monster count
 E = Non-spawn monster count
 F = Spawn count percentage of total count
 G = Total turns spent on level
                    A         B        C        D         E        F      G
               +---------+---------+-------+---------+---------+-------+---------
         Total |       0 |   14694 |   0.0 |       0 |      82 |   0.0 |  1828
               +---------+---------+-------+---------+---------+-------+---------
             D |       0 |   14694 |   0.0 |       0 |      82 |   0.0 |  1828
               +---------+---------+-------+---------+---------+-------+---------
